 Dungeon Crawl Stone Soup version 0.29.1-12-g30fa7ad0bf (webtiles) character file.

Game seed: 2663304053128199861

467 GigaChad the Chopper (level 6, -2/55 HPs)
             Began as a Minotaur Fighter on Dec 11, 2022.
             Slain by Grinder (4 damage)
             ... while paralysed by Grinder
             ... on level 4 of the Dungeon on Dec 12, 2022.
             The game lasted 00:05:13 (3315 turns).

GigaChad the Chopper (Minotaur Fighter)             Turns: 3315, Time: 00:05:13

Health: -2/55      AC:  7    Str: 29    XL:     6   Next: 81%
Magic:  5/5        EV:  2    Int:  5    God:
Gold:   149        SH:  0    Dex:  9    Spells: 5/5 levels left

rFire   . . .      SeeInvis .   a - +0 war axe
rCold   . . .      Faith    .   i - +0 tower shield
rNeg    . . .      Spirit   .   b - +0 scale mail
rPois   .          Reflect  .   (helmet restricted)
rElec   .          Harm     .   (no cloak)
rCorr   .          Rampage  .   (no gloves)
Will    .....                   (no boots)
Stlth   ..........              (no amulet)
HPRegen 0.18/turn               m - +6 ring of strength
MPRegen 0.09/turn               (no ring)

@: paralysed
A: horns 2, retaliatory headbutt
a: no special abilities


You were on level 4 of the Dungeon.
You visited 1 branch of the dungeon, and saw 4 of its levels.

You collected 149 gold pieces.

Inventory:

Hand Weapons
 a - a +0 war axe (weapon)
Armour
 b - a +0 scale mail (worn)
 c - a +0 buckler
 i - a +0 tower shield (worn)
Jewellery
 m - a +6 ring of strength (left hand)
Wands
 u - a wand of polymorph (9)
Scrolls
 g - a scroll of butterflies {unknown}
 h - 4 scrolls of fear {unknown}
 j - a scroll of identify {unknown}
 k - a scroll of teleportation {unknown}
 n - a scroll of immolation {unknown}
 o - a scroll of vulnerability {unknown}
 q - a scroll of magic mapping {unknown}
 r - a scroll of amnesia {unknown}
 s - a scroll of noise {unknown}
Potions
 d - a potion of might
 e - 2 potions of magic {unknown}
 f - 2 potions of haste {unknown}
 l - a potion of resistance {unknown}
 p - 2 potions of lignification {unknown}
 t - a potion of degeneration {unknown}


   Skills:
 + Level 4.9 Fighting
 + Level 5.7 Axes
 + Level 5.3 Armour
 + Level 1.5 Dodging
 + Level 0.1 Stealth
 + Level 5.1 Shields


You had 5 spell levels left.
You didn't know any spells.
Your spell library contained the following spells:

 Spells                   Type           Power      Damage    Failure   Level
 Apportation              Tloc           0%         N/A       100%        1
 Necrotise                Necr           0%         1d4       100%        1
 Summon Small Mammal      Summ           0%         N/A       100%        1
 Gell's Gravitas          Tloc           0%         N/A       100%        3
 Lesser Beckoning         Tloc           0%         N/A       100%        3
 Teleport Other           Tloc           0%         N/A       100%        3


Dungeon Overview and Level Annotations

Branches:
Dungeon (4/15)
 Temple: D:4-7

Altars:
Yredelemnul

Annotations:
D:4 Grinder


Innate Abilities, Weirdness & Mutations

You have a pair of horns on your head.
You reflexively headbutt those who attack you in melee.


Message History

Grinder is heavily wounded.
Grinder hits you.
You writhe in agony.
You closely miss Grinder. Your headbutt misses Grinder.
Grinder is heavily wounded.
Grinder gestures at you.
You suddenly lose the ability to move!
Grinder hits you.
Grinder says, "Make like a tree!"
Grinder hits you. Grinder hits you.
* * * LOW HITPOINT WARNING * * *
You writhe in agony.
* * * LOW HITPOINT WARNING * * *
You can move again.
You barely miss Grinder.
Grinder is heavily wounded.
Grinder blinks!
Grinder says, "What is the universe for?"
You block Grinder's attack. You block Grinder's attack.
You barely miss Grinder.
Grinder is heavily wounded.
Grinder gestures at you.
You suddenly lose the ability to move!
Grinder gestures at you.
You shrug off the repeated paralysis!
Grinder hits you but does no damage. Grinder hits you.
* * * LOW HITPOINT WARNING * * *
You writhe in agony.
* * * LOW HITPOINT WARNING * * *
You can move again.
You closely miss Grinder. You headbutt Grinder!
Grinder is severely wounded.
Grinder blinks!
Grinder gestures at you. You resist with significant effort.
Grinder gestures at you.
You suddenly lose the ability to move!
Grinder hits you.
You die...

.............#
.............#
.............#######+#
.............#.......#
.............#.......#
.......#######.......#
.......'.............#
.......#........5....#
.......#........@....#
.......#######'########
###...................#
..#...................#
..'...................#
..#...................#
..#.<.................#
..#.........##+#####'##
###.........'....#...#


You could see Grinder.

Vanquished Creatures
  Duvessa (D:4)
  An ogre (D:4)
  Dowan (D:4)
  A hound (D:4)
  2 iguanas (D:3)
  An orc wizard (D:3)
  6 adders
  4 worms
  3 dart slugs
  5 orcs
  4 bats
  2 endoplasms
  8 goblins
  2 hobgoblins
  4 jackals (D:1)
  2 quokkas (D:1)
  4 ball pythons
  3 frilled lizards
  7 rats
61 creatures vanquished.

Notes
Turn   | Place    | Note
-------+----------+-------------------------------------------
     0 | D:1      | GigaChad the Minotaur Fighter began the quest for the Orb.
     0 | D:1      | Reached XP level 1. HP: 19/19 MP: 0/0
   291 | D:1      | Reached XP level 2. HP: 24/27 MP: 1/1
   397 | D:1      | Upgraded the game from 0.29.1-4-g47bece8355 to
                  | 0.29.1-12-g30fa7ad0bf
   761 | D:2      | You fall into a shaft and drop 1 floor!
   807 | D:3      | Reached XP level 3. HP: 31/33 MP: 2/2
  1085 | D:3      | Reached XP level 4. HP: 41/41 MP: 3/3
  1624 | D:3      | Reached skill level 1 in Dodging
  1624 | D:3      | Reached XP level 5. HP: 31/47 MP: 4/4
  1792 | D:3      | Found a basalt altar of Yredelemnul.
  2202 | D:4      | Noticed Dowan
  2202 | D:4      | Noticed Duvessa
  2211 | D:4      | Killed Duvessa
  2212 | D:4      | Reached skill level 5 in Shields
  2212 | D:4      | Reached XP level 6. HP: 23/55 MP: 5/5
  2227 | D:4      | Killed Dowan
  2228 | D:4      | Reached skill level 5 in Axes
  2727 | D:4      | Reached skill level 5 in Armour
  3292 | D:4      | Noticed Grinder
  3301 | D:4      | Paralysed by Grinder for 3 turns
  3308 | D:4      | Paralysed by Grinder for 3 turns
  3310 | D:4      | HP: 1/55 [Grinder (5)]
  3314 | D:4      | Paralysed by Grinder for 4 turns
  3315 | D:4      | Slain by Grinder

Illustrated notes

Levels and vault maps discovered:
D:1:      lightli_arrival_boilingwater, layout_basic, kennysheep_minor_cross,
          hangedman_abyss_or_decor_stabs
D:2:      layout_rooms, basic_altar, ebering_ecumenical_altar_mist,
          serial_undead, serial_undead_d, serial_undead_e, serial_undead_d,
          serial_undead_a, st_stairs_13
D:3:      layout_loops_ring, mainiacjoe_overflow_surrounded_room,
          kennysheep_potato
D:4:      layout_gridville, uniq_duvessa, uniq_grinder

Skill      XL: |  1  2  3  4  5  6 |
---------------+-------------------+-----
Fighting       | 4 |  4.9
Armour         | 4 5 |  5.3
Shields        | 4 5 |  5.1
Axes           | 3 4 5 |  5.7
Dodging        | 1 |  1.5
Stealth        | |  0.1

Action                   |  1- 3 |  4- 6 || total
-------------------------+-------+-------++-------
Melee: War axe           |    65 |    86 ||   151
       Headbutt          |     6 |    16 ||    22
Armor: Scale mail        |    35 |    41 ||    76
Dodge: Dodged            |    42 |    24 ||    66
Block: Buckler           |    15 |       ||    15
       Tower shield      |    27 |    69 ||    96
